Cogmind - Beta 17.1 @@@ ROGUE MODE // 2026.09.15 @ 07:35:11 Player: Somberlain Result: Destroyed by P-70 Sage with Tesla Rifle Performance ------------- Evolutions (6) 3000 Regions Visited (15) 3000 Robots Destroyed (164) 820 Value Destroyed (10972) 10972 Prototype IDs (12) 240 Alien Tech Used (0) 0 Bonus (8828) 8828 TOTAL SCORE: 26860 Bonus ------- High Alert Combat Kills 2099 Follower Combat Kills 3423 Entered Garrisons 1000 Used RIF Installer 2500 Friendly Fire -194 Cogmind --------- Core Integrity 0/1150 Matter 300/300 Energy 100/100 System Corruption 30% Temperature Cool (1) Movement Flying (40) Location -4/Factory Parts ------- > --- POWER (2) -------- (None) > --- PROPULSION (5) --- Field Propulsion Array > --- UTILITY (10) ----- Advanced Heat Sink Relay Coupler [Duelist] (1) Relay Coupler [Duelist] (43) Relay Coupler [Sentry] (45) Relay Coupler [Sentry] (26) Relay Coupler [Demolisher] (21) Relay Coupler [Specialist] (28) > --- WEAPON (2) ------- (None) > --- INVENTORY (5) ---- Quantum Capacitor Relay Coupler [Specialist] (19) Relay Coupler [Heavy] (17) Improved Remote Datajack Peak State ------------ > --- POWER ------------ Particle Reactor Light Quantum Reactor > --- PROPULSION ------- Biometal Medium Treads Armored Heavy Treads Armored Heavy Treads > --- UTILITY ---------- Cargo Storage Unit Advanced Signal Interpreter Advanced Weapon Cycler Experimental ECM Suite System Shield System Shield Relay Coupler [Grunt] Relay Coupler [Sentry] Relay Coupler [Sentry] > --- WEAPON ----------- Railgun Railgun > --- INVENTORY -------- Particle Reactor Micro Antimatter Reactor Advanced Heat Sink Improved Target Analyzer Quantum Capacitor Relay Coupler [Cutter] Relay Coupler [Duelist] Relay Coupler [Duelist] Relay Coupler [Sentry] Relay Coupler [Sentry] Relay Coupler [Demolisher] Relay Coupler [Specialist] Relay Coupler [Specialist] Relay Coupler [Hunter] Relay Coupler [Heavy] Relay Coupler [Behemoth] Advanced Corruption Screen High-powered Shock Rifle Phase Gun Phase Gun Nova Cannon Nova Cannon Remote Datajack Improved Remote Datajack Powered Hammer [Rating: 125] Favorites ----------- Power Reinforced Fission Core Engine Improved Ion Engine Power Core Reinforced Fission Core Reactor Particle Reactor Propulsion Improved Heavy Treads Treads Improved Heavy Treads Leg Aluminum Leg Wheel Compact Wheel Hover Unit Airjet Flight Unit VTOL Module Utility Improved Signal Interpreter Device Advanced Weapon Cycler Storage Cargo Storage Unit Processor Improved Signal Interpreter Hackware Relay Coupler [Sentry] Protection Medium Reactive Plating Weapon Remote Datajack Energy Gun Pulse Rifle Energy Cannon Ion Burst Cannon Ballistic Gun Railgun Ballistic Cannon Advanced Assault Cannon Launcher Heavy Rocket Launcher Special Weapon Remote Datajack Impact Weapon Powered Hammer Slashing Weapon Power Sword Special Melee Weapon Improved Datajack Build | -11 -10 -10 -9 -9 -9 -9 -7 -7 -6 -6 -6 -6 -5 -5 -4 ------- Run | Yrd Mat Min Mat Sto Gar Rec Fac Gar Fac Gar Fac Gar Fac Gar Fac Slots Evolved 12 | . . . 2 . . . 4 . 2 . . . 2 . 2 Power 1 | . . . . . . . . . . . . . . . 1 Propulsion 3 | . . . . . . . 1 . 1 . . . 1 . . Utility 8 | . . . 2 . . . 3 . 1 . . . 1 . 1 Weapon . | . . . . . . . . . . . . . . . . Parts Attached 208 | 7 2 3 6 12 16 1 36 17 6 14 1 32 2 4 49 Power 23 | 1 1 . 1 1 3 . 2 2 2 2 . 2 . . 6 Engine 8 | 1 1 . 1 1 2 . . 1 . 1 . . . . . Core 7 | . . . . . 1 . 2 1 2 1 . . . . . Reactor 8 | . . . . . . . . . . . . 2 . . 6 Propulsion 45 | 2 . 1 2 2 3 . 15 3 1 . . 4 1 . 11 Treads 10 | . . . . . . . 1 3 1 . . 4 1 . . Leg 25 | 2 . 1 . . 2 . 10 . . . . . . . 10 Wheel 1 | . . . . . . . 1 . . . . . . . . Hover 6 | . . . 2 2 1 . 1 . . . . . . . . Flight 3 | . . . . . . . 2 . . . . . . . 1 Utility 87 | 1 1 1 1 5 4 1 12 7 3 8 1 14 1 4 23 Device 21 | . . . . 1 2 . 6 1 1 . . 1 1 2 6 Storage 4 | 1 . . . 1 . . 1 1 . . . . . . . Processor 11 | . 1 1 1 2 . . 1 . . 1 . 1 . . 3 Hackware 47 | . . . . . 2 1 3 5 2 7 1 12 . 2 12 Protection 4 | . . . . 1 . . 1 . . . . . . . 2 Artifact . | . . . . . . . . . . . . . . . . Weapon 53 | 3 . 1 2 4 6 . 7 5 . 4 . 12 . . 9 Energy Gun 25 | 3 . 1 2 2 3 . . . . 3 . 5 . . 6 Energy Cannon 7 | . . . . 1 . . 3 . . . . 3 . . . Ballistic Gun 6 | . . . . 1 . . . 3 . . . 1 . . 1 Ballistic Cannon 2 | . . . . . . . 1 . . . . 1 . . . Launcher 2 | . . . . . 1 . . 1 . . . . . . . Special Weapon 6 | . . . . . . . 2 . . 1 . 2 . . 1 Impact Weapon 2 | . . . . . . . 1 1 . . . . . . . Slashing Weapon 2 | . . . . . 1 . . . . . . . . . 1 Piercing Weapon . | . . . . . . . . . . . . . . . . Special Melee Weapon 1 | . . . . . 1 . . . . . . . . . . Unidentified Prototypes 8 | . . . . 4 1 . 1 . . . . . . . 2 Corrupted Parts 1 | . . . . . . . . . . . . . . . 1 System Corruption 2 | . . . . . . . . . . . . . . . 2 Parts Lost 81 | . . 4 . 2 8 . 11 2 . . . 1 . 8 45 Power 11 | . . 1 . . 1 . 2 . . . . . . . 7 Propulsion 27 | . . 2 . 2 3 . 4 1 . . . . . 2 13 Utility 27 | . . . . . 2 . 4 . . . . 1 . 6 14 Weapon 16 | . . 1 . . 2 . 1 1 . . . . . . 11 Highest Loss Streak 14 | . . 4 . 2 3 . 4 1 . . . 1 . 7 14 To Critical Strikes . | . . . . . . . . . . . . . . . . Average Backups 19 | . 3 3 5 7 9 9 12 18 25 27 26 26 26 27 20 Power . | . . 1 1 1 . . . 1 1 . . . 2 2 1 Propulsion 1 | . . . 1 1 . . . 1 2 1 2 2 2 1 . Utility 13 | . . . . . 6 8 8 12 18 20 21 20 18 19 13 Weapon 3 | . 1 1 2 3 1 1 3 2 3 4 3 3 4 4 4 Tool/Special . | . . . . . . . . . . . . . . . . Unused Backups 47 | . . . 2 1 8 . 5 9 1 3 . 13 . . 5 Power 3 | . . . 1 . . . . 1 . . . . . . 1 Propulsion 3 | . . . . 1 . . 2 . . . . . . . . Utility 29 | . . . . . 2 . 1 6 . 3 . 13 . . 4 Weapon 10 | . . . 1 . 5 . 2 1 1 . . . . . . Tool/Special 2 | . . . . . 1 . . 1 . . . . . . . Average Slot Usage (%) 82 | . 94 71 81 97 92 100 84 87 64 76 79 78 81 80 65 Engine 2 | . 14 . 10 11 6 11 1 . . . . . . . . Core 3 | . . . . . 4 . 5 6 6 5 6 3 . . . Reactor 1 | . . . . . . . . . . . . 2 5 4 6 Treads 7 | . . . . . . . . 8 12 13 13 12 17 17 7 Leg 6 | . 28 14 . . 11 22 14 10 . . . . . . 6 Hover 1 | . . . 20 21 9 . . . . . . . . . . Device 5 | . . . . 10 13 4 3 6 2 3 6 4 4 5 5 Storage 7 | . 14 14 11 11 11 11 7 7 6 6 6 6 5 5 4 Processor 8 | . 9 14 17 16 11 11 14 10 6 6 6 6 5 5 5 Hackware 18 | . . . . . . 17 14 20 22 26 25 26 29 27 17 Energy Gun 4 | . 28 27 21 20 9 . . . . 4 6 4 . . 2 Energy Cannon 2 | . . . . 1 8 11 8 1 . . . . . . . Ballistic Gun 1 | . . . . . . . . 9 . . . . . . 3 Special Weapon 2 | . . . . . . . 1 2 4 4 6 5 5 4 1 Special Melee Weapon 1 | . . . . . 3 11 1 . . . . . . . . Peak Build Rating 125 | 6 8 8 20 28 30 23 49 70 72 79 77 89 95 103 125 Average Rating 58 | 4 7 5 17 24 23 23 36 58 62 72 76 82 91 96 85 On Entrance 42 | . 6 8 5 20 25 23 23 46 63 65 77 77 82 92 69 Avg Prop Armor Cover (%) 9 | . . . . . . . 8 . . 17 . . . . . Naked Turns . | . . . . . . . . . . . . . . . . Heaviest Build 192 | 14 14 9 16 34 35 27 64 165 162 170 170 189 165 192 188 Greatest Support 185 | 20 20 10 16 16 20 20 56 103 150 150 150 150 185 185 155 Greatest Overweight (x) 58 | . . 2 1 2 9 1 8 1 1 1 1 1 . 1 58 Average Overweight (x) . | . . . . . 1 1 1 . . . 1 1 . . . Largest Inventory Capacity 30 | 8 8 8 8 10 10 10 15 30 30 30 30 30 30 30 30 Average Capacity 22 | 6 8 8 8 8 10 10 14 22 30 30 30 30 30 30 28 Most Carried 30 | . 7 6 8 10 10 10 15 30 30 30 30 30 29 30 28 Average Carried 20 | . 3 3 5 7 9 9 12 21 28 29 29 29 28 29 20 Final Capacity 30 | 8 8 8 8 10 10 10 15 30 30 30 30 30 30 30 5 Final Carried 30 | . 6 3 8 10 10 9 15 30 27 30 29 30 28 27 5 Class Distribution -------------------- 48% | Botlord-Mutant 34% | Bothacker-Mutant 11% | Mutant 5% | Scavenger-Mutant Dominant Class ---------------- Mutant | -10/Materials Mutant | -10/Mines Mutant | -9/Materials Mutant | -9/Storage Scavenger-Mutant | -9/Garrison Bothacker-Mutant | -9/Recycling Bothacker-Mutant | -7/Factory Bothacker-Mutant | -7/Garrison Bothacker-Mutant | -6/Factory Botlord-Mutant | -6/Garrison Botlord-Mutant | -6/Factory Botlord-Mutant | -6/Garrison Botlord-Mutant | -5/Factory Botlord-Mutant | -5/Garrison Botlord-Mutant | -4/Factory Resources | -11 -10 -10 -9 -9 -9 -9 -7 -7 -6 -6 -6 -6 -5 -5 -4 ----------- Run | Yrd Mat Min Mat Sto Gar Rec Fac Gar Fac Gar Fac Gar Fac Gar Fac Matter Collected 5616 | 227 63 30 60 90 349 39 539 1078 . 784 2 1126 . 223 1006 Remotely . | . . . . . . . . . . . . . . . . Salvage Created 7407 | . 267 94 233 527 839 277 1064 1220 . 798 28 441 . 337 1282 Parts 339 | . 16 10 16 26 52 10 55 52 . 37 4 16 . 4 41 Haulers Intercepted 5 | . 1 . . 3 . . 1 . . . . . . . . Recyclers Shooed 1 | . . . . . . . . . . . . . . . 1 Parts Field Recycled . | . . . . . . . . . . . . . . . . Retrieved Matter . | . . . . . . . . . . . . . . . . Parts Self-Destructed . | . . . . . . . . . . . . . . . . Prevented . | . . . . . . . . . . . . . . . . Parts Restored . | . . . . . . . . . . . . . . . . Kills | -11 -10 -10 -9 -9 -9 -9 -7 -7 -6 -6 -6 -6 -5 -5 -4 ------- Run | Yrd Mat Min Mat Sto Gar Rec Fac Gar Fac Gar Fac Gar Fac Gar Fac Combat Hostiles Destroyed 143 | . 9 6 5 10 24 2 23 15 . 8 . 10 . 14 17 Melee 3 | . . . . . 1 . . . . . . . . . 2 Guns 64 | . 9 6 5 9 8 . . 9 . 8 . 1 . . 9 Cannons 59 | . . . . . 12 2 22 . . . . 8 . 14 1 AOE 8 | . . . . . 2 . . 6 . . . . . . . Classes Destroyed 15 | . 4 . 2 2 2 . 3 . . 1 . . . 1 . Worker 6 | . . . . 1 . . 4 . . . 1 . . . . Tunneler 1 | . . . . . . . 1 . . . . . . . . Hauler 5 | . 1 . . 3 . . 1 . . . . . . . . Mechanic 1 | . . . . . . . 1 . . . . . . . . Operator 4 | . . . . 1 . . 2 . . 1 . . . . . Watcher 6 | . 2 . 2 1 . . 1 . . . . . . . . Swarmer 27 | . 6 6 . . 6 . 2 6 . . . . . 1 . Saboteur 2 | . . . . . 2 . . . . . . . . . . Grunt 66 | . 3 . 3 7 12 . 14 5 . 3 . 5 . 1 13 Brawler 5 | . . . . . . . 1 1 . 1 . . . . 2 Duelist 2 | . . . 1 . . . 1 . . . . . . . . Sentry 16 | . . . 1 3 4 3 1 . . . . 3 . 1 . Hunter 1 | . . . . . . . . . . 1 . . . . . Programmer 22 | . . . . . 3 . 4 3 . 6 . 4 . . 2 Assembled 13 | . . . . . . . . . . . . . . 13 . Best Kill Streak 9 | . 3 4 4 9 5 1 5 4 . 3 1 3 . 6 8 Combat Bots Only 8 | . 3 3 2 7 5 1 4 4 . 3 . 3 . 6 8 Max Kills in Single Turn 4 | . 2 1 2 2 2 1 3 4 . 1 1 1 . 1 1 Gunslinging 1 | . 1 . 1 . . . . . . . . . . . . Exploded 4 | . . . . . 2 . . 4 . . . . . . . Melee 1 | . . . . . 1 . . . . . . . . . 1 Uniques/NPCs Destroyed . | . . . . . . . . . . . . . . . . Combat | -11 -10 -10 -9 -9 -9 -9 -7 -7 -6 -6 -6 -6 -5 -5 -4 -------- Run | Yrd Mat Min Mat Sto Gar Rec Fac Gar Fac Gar Fac Gar Fac Gar Fac Hostile Shots Fired 1317 | . 51 38 20 39 90 3 205 56 . 47 1 131 5 152 479 Missed 376 | . 10 7 10 15 30 . 80 17 . 17 . 41 1 45 103 Hits 941 | . 41 31 10 24 60 3 125 39 . 30 1 90 4 107 376 Melee 54 | . . . . . 3 . 5 1 . 1 . . . 30 14 Projectile 887 | . 41 31 10 24 57 3 120 38 . 29 1 90 4 77 362 AOE 6 | . . . . . . . 1 3 . 2 . . . . . Critical Strikes 33 | . . . . . 3 . 7 1 . . . . . . 22 Actively Blocked 3 | . . . . . . . . . . . . . . . 3 Part Disruptions 4 | . . . . . . 1 1 . . 1 . 1 . . . Damage Taken 15782 | . 365 254 122 320 785 45 1782 656 12 713 97 1143 73 1704 7711 Core 2370 | . 82 59 26 55 90 12 398 70 . 62 . 197 . 163 1156 Absorbed by Shields 442 | . . . . . . 12 136 . . . . . . 294 . Reduced by Siege Mode 465 | . . . . . . . . . . . . . . . 465 Redirected to Shielding 158 | . . . . . . . . . . . . . . . 158 Ignored by Resistances 6 | . . . . . . . 6 . . . . . . . . Regen/Repaired (Parts) 231 | . . . . . . . . . . . . . . . 231 Core Remaining (%) 63 | 100 . 43 . . . 54 . 33 . . . 69 . 83 . Volleys Fired 816 | . 38 13 19 40 127 5 100 122 6 61 5 126 6 46 102 Largest 2 | . 2 2 2 2 2 1 2 2 1 2 1 1 1 2 2 Hottest 176 | . 100 100 126 126 163 100 165 104 5 113 5 113 5 148 176 Shots Fired 1119 | . 73 25 38 79 175 6 140 172 6 81 6 131 6 49 132 Gun 612 | . 73 25 38 78 73 . . 106 . 62 1 42 . 4 110 Cannon 363 | . . . . 1 98 6 122 59 . . . 36 . 34 7 Launcher 13 | . . . . . 4 . . 4 . 5 . . . . . Special 131 | . . . . . . . 18 3 6 14 5 53 6 11 15 Kinetic 203 | . . . . . . . 16 106 . 16 . 23 . 4 38 Thermal 706 | . 73 25 38 79 142 6 106 59 . 45 . 42 . 34 57 Explosive 9 | . . . . . . . . 4 . 5 . . . . . Electromagnetic 70 | . . . . . 33 . . . . 1 1 13 . . 22 Robot Hit Streak 27 | . 7 3 11 25 23 4 8 27 19 20 6 8 4 5 16 Robot Miss Streak 8 | . 5 5 1 2 4 4 5 3 . 4 . 4 1 8 3 Penetration Max 2 | . . . . . . . . 1 . . . . . . 2 Secondary Targets 11 | . 2 2 1 2 . . . 1 . 2 . . . . 1 Max Gunslinging Chain 1 | . 1 1 1 1 . . . 1 . 1 . . . . 1 Capacitor 14 | . . . . . . . . . . . . . . . 14 Shots Hit Robots 718 | . 45 13 26 59 66 37 98 95 6 63 6 63 4 27 110 Core Hits 268 | . 15 6 9 19 28 6 50 47 . 28 1 9 . 13 37 Critical Kills 2 | . . . . . . . . . . . . 1 . . 1 Critical Parts Destroyed 4 | . . . . . . . . 1 . 2 . . . 1 . Critical Strikes 30 | . 4 2 1 3 1 . . 1 . 4 . 3 . 1 10 Burn 20 | . 4 2 1 3 1 . . . . 2 . 1 . . 6 Meltdown 1 | . . . . . . . . . . . . 1 . . . Destroy 1 | . . . . . . . . . . . . . . . 1 Blast 1 | . . . . . . . . . . . . 1 . . . Smash 4 | . . . . . . . . 1 . 2 . . . 1 . Sever 3 | . . . . . . . . . . . . . . . 3 Melee Attacks 151 | . . . . . 5 32 8 2 1 41 . . 1 31 30 Impact 98 | . . . . . . . 5 2 1 41 . . 1 31 17 Slashing 13 | . . . . . . . . . . . . . . . 13 Piercing . | . . . . . . . . . . . . . . . . Sneak Attacks 32 | . . . . . . 30 . . . . . . . 2 . Combat Hostiles . | . . . . . . . . . . . . . . . . Follow-up Attacks 2 | . . . . . . . . . . . . . . . 2 Damage Inflicted 18104 | . 613 179 457 1056 1664 298 3212 3018 . 1847 22 1663 . 981 3094 Guns 7338 | . 613 179 457 1056 773 . . 1130 . 897 22 177 . 51 1983 Cannons 8101 | . . . . . 858 298 2994 1400 . . . 1486 . 794 271 Explosions 538 | . . . . . 33 . 156 278 . 71 . . . . . Melee 2127 | . . . . . . . 62 210 . 879 . . . 136 840 Ramming . | . . . . . . . . . . . . . . . . Kinetic 3519 | . . . . . . . 306 1130 . 211 . 1206 . 51 615 Thermal 11180 | . 613 179 457 1056 1378 298 2688 1400 . 686 . 380 . 794 1251 Explosive 505 | . . . . . . . 156 278 . 71 . . . . . Electromagnetic 773 | . . . . . 286 . . . . . 22 77 . . 388 Impact 1712 | . . . . . . . 62 210 . 879 . . . 136 425 Slashing 415 | . . . . . . . . . . . . . . . 415 Piercing . | . . . . . . . . . . . . . . . . Highest Corruption 29 | . . . . . 2 2 4 8 . 3 3 5 . 20 29 Average Corruption 3 | . . . . . 1 2 3 4 . 2 3 3 . 6 15 Corruption Purged . | . . . . . . . . . . . . . . . . Corruption Blocked 20 | . . . . . . . . . . . . . . . 20 Effects 316 | . . . . . 20 20 3 68 . 51 6 103 . 4 41 Message Errors 69 | . . . . . 1 4 1 14 . 14 1 27 . . 7 Matter Fused 71 | . . . . . 9 3 . 20 . 12 3 12 . 2 10 Heat Flow Errors 29 | . . . . . 1 1 1 9 . 3 . 10 . . 4 Energy Discharges 36 | . . . . . 3 3 . 5 . 8 . 15 . 1 1 Parts Rejected 2 | . . . . . . 1 . . . . . 1 . . . Parts Fused 2 | . . . . . . . . . . 1 . 1 . . . Data Loss (minor) 50 | . . . . . 4 6 1 9 . 5 1 18 . . 6 Data Loss (major) 21 | . . . . . 1 1 . 2 . 1 . 12 . . 4 Misfires 23 | . . . . . 1 1 . 6 . 5 1 6 . 1 2 Alerts 5 | . . . . . . . . 2 . 2 . . . . 1 Misdirections 3 | . . . . . . . . . . . . . . . 3 Weapon Failures 5 | . . . . . . . . 1 . . . 1 . . 3 Overload Shots . | . . . . . . . . . . . . . . . . Overflow Damage 732 | . . . . . 22 2 103 117 . 37 . 155 . 141 155 Projectiles 319 | . . . . . 22 2 71 14 . . . 155 . 55 . Explosions 3 | . . . . . . . . 3 . . . . . . . Melee 410 | . . . . . . . 32 100 . 37 . . . 86 155 Knockbacks 9 | . . . . . . . 3 . . 2 . 3 . . 1 Impact 3 | . . . . . . . . . . 2 . . . . 1 Kinetic 6 | . . . . . . . 3 . . . . 3 . . . Secondary . | . . . . . . . . . . . . . . . . Self-Inflicted Damage 136 | . . . . . 73 . . 13 . 50 . . . . . Shots 5 | . . . . . 3 . . 1 . 1 . . . . . Rammed . | . . . . . . . . . . . . . . . . Targets Rammed . | . . . . . . . . . . . . . . . . Kicked . | . . . . . . . . . . . . . . . . Crushed . | . . . . . . . . . . . . . . . . Highest Temperature 326 | . 292 212 281 216 321 108 262 271 . 206 16 326 . 81 312 Average Temperature 85 | . 122 92 131 72 60 36 64 99 . 53 13 83 . 29 128 Received Heat Transfer 3371 | . 66 . 48 132 189 5 615 147 . 24 . 234 36 66 1809 Effects 14 | . 2 . 1 . 1 . 1 2 . . . 3 . . 4 Energy Bleed 5 | . . . 1 . 1 . 1 . . . . 1 . . 1 Interference 9 | . 2 . . . . . . 2 . . . 2 . . 3 Siege Activations 1 | . . . . . . . . . . . . . . . 1 Total Turns 42 | . . . . . . . . . . . . . . . 42 Longest Duration 42 | . . . . . . . . . . . . . . . 42 Martial Activations . | . . . . . . . . . . . . . . . . Shielding Activations . | . . . . . . . . . . . . . . . . Robots Disrupted . | . . . . . . . . . . . . . . . . Combat Hostiles . | . . . . . . . . . . . . . . . . Robots Corrupted 9 | . . . . . . . . 1 . 2 . . . 1 5 Combat Hostiles 5 | . . . . . . . . . . . . . . . 5 Parts Fried 13 | . . . . . 1 . 2 3 . . . . . . 7 Impact Corruptions 16 | . . . . . . . 1 2 . 3 . . . 3 7 Robots Melted 5 | . 1 . . 1 1 . 1 . . . . 1 . . . Combat Hostiles 4 | . . . . 1 1 . 1 . . . . 1 . . . Parts Melted 30 | . 3 1 4 2 2 . 5 . . 3 . 4 . . 6 Heat Transferred 18930 | . 2035 629 1036 2442 2036 319 3569 1924 . 1566 . 503 . 740 2131 Parts Sabotaged 14 | . . . . . 9 . . . . . . . . . 5 Parts Stolen . | . . . . . . . . . . . . . . . . Parts Stripped . | . . . . . . . . . . . . . . . . Power Chain Reactions 1 | . . . . . 1 . . . . . . . . . . Alert | -11 -10 -10 -9 -9 -9 -9 -7 -7 -6 -6 -6 -6 -5 -5 -4 ------- Run | Yrd Mat Min Mat Sto Gar Rec Fac Gar Fac Gar Fac Gar Fac Gar Fac Maximum Alert Level 5 | . . . . . 5 3 2 5 4 5 5 5 5 5 3 Low Security (%) 9 | 100 100 100 100 100 14 . 6 . . . . . . . . Level 1 8 | . . . . . 16 23 53 . . . . . . . . Level 2 12 | . . . . . 22 70 40 8 . . . . . . 14 Level 3 13 | . . . . . 17 5 . 15 . 17 . . . . 85 Level 4 14 | . . . . . 25 . . 39 100 17 . 14 . . . Level 5 39 | . . . . . 2 . . 36 . 65 100 85 100 100 . High Security . | . . . . . . . . . . . . . . . . Max Security . | . . . . . . . . . . . . . . . . Peak Influence 4747 | . 125 67 112 190 1644 739 690 2464 1293 3173 1884 4747 2492 2275 1068 Initial 2492 | . . 47 . 46 94 739 336 483 1293 797 1665 1249 2492 1677 1068 Average 1440 | . 32 30 33 96 735 502 370 1454 1221 1911 1789 2811 2449 1924 797 Influence Increases 14643 | . 264 140 202 325 1630 184 1522 2041 36 2576 290 3948 54 690 741 Destroy 0b10 Robot/C 4680 | . 180 120 100 200 480 120 700 680 . 540 100 680 20 220 540 Destroy 0b10 Robot/NC 190 | . 15 . 10 30 . 10 60 30 . 15 10 . . . 10 Destroy Leader 472 | . 36 20 24 68 20 . 114 50 . 30 20 20 . 10 60 Allied During Kill 1134 | . . . . . . 23 48 111 . 353 63 307 12 184 33 Successful Hack 202 | . 18 . 8 11 28 31 24 14 21 21 . 14 7 . 5 Disable Machine 480 | . . . . 15 . . 180 60 15 45 60 30 15 . 60 Anti-Garrison Action 6400 | . . . . . 1000 . . 1000 . 1450 . 2750 . 200 . Destroy Structure 645 | . . . . 1 87 . 91 96 . 107 37 132 . 76 18 Advance Influence 200 | . . . . . . . 200 . . . . . . . . Partial Spotted 15 | . . . 15 . . . . . . . . . . . . Lose Combat Pursuer 225 | . 15 . 45 . 15 . 105 . . 15 . 15 . . 15 Influence Decreases 14045 | . 141 263 90 292 131 1503 1157 267 1361 542 1678 986 2405 1049 2180 Entered New Map 8994 | . . 76 . 66 51 905 189 207 1171 342 1508 536 2255 719 969 Time Decay 2851 | . 141 147 90 206 . 498 658 . 190 . 170 . 150 . 601 Lost Part 810 | . . 40 . 20 80 . 110 20 . . . 10 . 80 450 Lost Ally 1390 | . . . . . . 100 200 40 . 200 . 440 . 250 160 Squads Dispatched 27 | . 2 . 1 3 . . 9 . . . 1 . 2 . 9 Investigation 2 | . 1 . . . . . . . . . . . 1 . . Extermination 7 | . . . . . . . 3 . . . 1 . . . 3 Reinforcement 8 | . 1 . 1 2 . . 3 . . . . . . . 1 Assault 8 | . . . . . . . 2 . . . . . 1 . 5 Garrison 2 | . . . . 1 . . 1 . . . . . . . . Intercept . | . . . . . . . . . . . . . . . . Searches Triggered . | . . . . . . . . . . . . . . . . Construction Impeded . | . . . . . . . . . . . . . . . . Haulers Reinforced . | . . . . . . . . . . . . . . . . Active Scanning Responses . | . . . . . . . . . . . . . . . . Cargo Convoy Interrupts . | . . . . . . . . . . . . . . . . Stealth | -11 -10 -10 -9 -9 -9 -9 -7 -7 -6 -6 -6 -6 -5 -5 -4 --------- Run | Yrd Mat Min Mat Sto Gar Rec Fac Gar Fac Gar Fac Gar Fac Gar Fac Distress Signals 7 | . 1 . 1 1 . . 2 . . . . 2 . . . Communications Jammed . | . . . . . . . . . . . . . . . . Distress Signals . | . . . . . . . . . . . . . . . . Times Spotted 403 | . 14 6 17 15 29 4 73 32 3 31 6 56 3 61 53 Peak Tracking Total 17 | . 3 3 6 4 5 4 7 4 2 8 3 7 3 17 10 Tactical Retreats 15 | . 1 . 1 . 1 . 4 . . 1 . 1 . 4 2 ECM-based Alert Blocks 1 | . . . . . . . . . . . . . . . 1 Traps | -11 -10 -10 -9 -9 -9 -9 -7 -7 -6 -6 -6 -6 -5 -5 -4 ------- Run | Yrd Mat Min Mat Sto Gar Rec Fac Gar Fac Gar Fac Gar Fac Gar Fac Traps Triggered 36 | . 1 . . . 7 . 5 4 . 5 . 13 1 . . Indirectly . | . . . . . . . . . . . . . . . . Trap Hack Attempts . | . . . . . . . . . . . . . . . . Triggered . | . . . . . . . . . . . . . . . . Disarmed . | . . . . . . . . . . . . . . . . Reprogrammed . | . . . . . . . . . . . . . . . . Reused . | . . . . . . . . . . . . . . . . Traps Extracted . | . . . . . . . . . . . . . . . . Installed . | . . . . . . . . . . . . . . . . Triggered . | . . . . . . . . . . . . . . . . Machines | -11 -10 -10 -9 -9 -9 -9 -7 -7 -6 -6 -6 -6 -5 -5 -4 ---------- Run | Yrd Mat Min Mat Sto Gar Rec Fac Gar Fac Gar Fac Gar Fac Gar Fac Machines Disabled 60 | . . . . 1 4 . 12 8 1 10 4 12 1 2 5 Max in Single Turn 2 | . . . . 1 1 . 2 1 1 2 . 1 1 1 1 Garrison Access 1 | . . . . . . . 1 . . . . . . . . Garrison Relay 23 | . . . . . 4 . . 4 . 4 . 9 . 2 . Phase Generator 1 | . . . . . . . . . . 1 . . . . . Machines Repaired . | . . . . . . . . . . . . . . . . Machines Dismantled . | . . . . . . . . . . . . . . . . Machines Sabotaged . | . . . . . . . . . . . . . . . . Overloaded Fab Kills . | . . . . . . . . . . . . . . . . Hacking | -11 -10 -10 -9 -9 -9 -9 -7 -7 -6 -6 -6 -6 -5 -5 -4 --------- Run | Yrd Mat Min Mat Sto Gar Rec Fac Gar Fac Gar Fac Gar Fac Gar Fac Machines Accessed 46 | . 5 . 2 5 2 5 9 3 3 3 1 3 2 1 2 Terminals 33 | . 5 . 2 4 2 5 3 3 1 3 . 3 1 1 . Fabricators 2 | . . . . . . . 2 . . . . . . . . Repair Stations 2 | . . . . . . . 1 . . . . . . . 1 Recycling Units 1 | . . . . . . . . . . . . . . . 1 Scanalyzers 3 | . . . . . . . 2 . 1 . . . . . . Garrison Access 5 | . . . . 1 . . 1 . 1 . 1 . 1 . . Total Hacks 100 | . 13 . 5 10 5 18 16 8 4 3 1 5 5 3 4 Successful 37 | . 3 . 2 2 2 7 7 2 2 2 1 1 4 . 2 Failed 62 | . 10 . 2 8 3 11 9 6 2 1 . 4 1 3 2 Catastrophic 10 | . 1 . . 1 . 2 3 . 1 1 . 1 . . . Database Lockouts 1 | . . . 1 . . . . . . . . . . . . Manual 41 | . 13 . 4 7 . 11 2 . . . . . 1 3 . Terminals 78 | . 13 . 5 8 5 18 4 8 2 3 . 5 4 3 . Fabricators 2 | . . . . . . . 2 . . . . . . . . Repair Stations 6 | . . . . . . . 4 . . . . . . . 2 Recycling Units 2 | . . . . . . . . . . . . . . . 2 Scanalyzers 5 | . . . . . . . 4 . 1 . . . . . . Garrison Access 7 | . . . . 2 . . 2 . 1 . 1 . 1 . . Terminal Hacks 25 | . 3 . 2 1 2 7 1 2 1 2 . 1 3 . . Record 4 | . . . . . . . 1 . 1 . . . 2 . . Part Schematic 1 | . . . . . . 1 . . . . . . . . . Robot Schematic 2 | . . . . . . 2 . . . . . . . . . Robot Analysis 8 | . 3 . 1 . . 3 . . . . . . 1 . . Prototype ID Bank 1 | . . . . . . 1 . . . . . . . . . Open Door 3 | . . . . 1 . . . 1 . 1 . . . . . Branch Access Points 1 | . . . 1 . . . . . . . . . . . . Emergency Access Points 3 | . . . . . 1 . . 1 . 1 . . . . . Garrison Registry 2 | . . . . . 1 . . . . . . 1 . . . Fabricator Hacks 1 | . . . . . . . 1 . . . . . . . . Load Schematic 1 | . . . . . . . 1 . . . . . . . . Repair Station Hacks 3 | . . . . . . . 1 . . . . . . . 2 Scan Component 2 | . . . . . . . 1 . . . . . . . 1 Repair 1 | . . . . . . . . . . . . . . . 1 Recycling Unit Hacks . | . . . . . . . . . . . . . . . . Scanalyzer 2 | . . . . . . . 2 . . . . . . . . Retrieve Study 2 | . . . . . . . 2 . . . . . . . . Garrison Access Hacks 6 | . . . . 1 . . 2 . 1 . 1 . 1 . . Unlock Access 5 | . . . . 1 . . 1 . 1 . 1 . 1 . . Coupler Status 1 | . . . . . . . 1 . . . . . . . . Unauthorized Hacks . | . . . . . . . . . . . . . . . . Terminals . | . . . . . . . . . . . . . . . . Fabricators . | . . . . . . . . . . . . . . . . Repair Stations . | . . . . . . . . . . . . . . . . Recycling Units . | . . . . . . . . . . . . . . . . Scanalyzers . | . . . . . . . . . . . . . . . . Garrison Access . | . . . . . . . . . . . . . . . . Data Cores Recovered . | . . . . . . . . . . . . . . . . Used . | . . . . . . . . . . . . . . . . Hacking Detections 41 | . 4 . 2 4 1 5 9 3 2 2 1 3 2 1 2 Full Trace Events 6 | . . . . . . 4 . 2 . . . . . . . Feedback Events . | . . . . . . . . . . . . . . . . Feedback Blocked . | . . . . . . . . . . . . . . . . Robot Schematics Acquired 2 | . . . . . . 2 . . . . . . . . . Robots Built . | . . . . . . . . . . . . . . . . Authchips . | . . . . . . . . . . . . . . . . Time . | . . . . . . . . . . . . . . . . Total Robot Build Rating . | . . . . . . . . . . . . . . . . Part Schematics Acquired 1 | . . . . . . 1 . . . . . . . . . Parts Built . | . . . . . . . . . . . . . . . . Authchips . | . . . . . . . . . . . . . . . . Time . | . . . . . . . . . . . . . . . . Total Part Build Rating . | . . . . . . . . . . . . . . . . Part Studies Acquired 2 | . . . . . . . 2 . . . . . . . . Parts Repaired 1 | . . . . . . . . . . . . . . . 1 Time 68 | . . . . . . . . . . . . . . . 68 Parts Recycled . | . . . . . . . . . . . . . . . . Recycled Matter . | . . . . . . . . . . . . . . . . Retrieved Matter . | . . . . . . . . . . . . . . . . Retrieved Components . | . . . . . . . . . . . . . . . . Parts Scanalyzed . | . . . . . . . . . . . . . . . . Part Schematics Acquired . | . . . . . . . . . . . . . . . . Parts Damaged . | . . . . . . . . . . . . . . . . Bothacking | -11 -10 -10 -9 -9 -9 -9 -7 -7 -6 -6 -6 -6 -5 -5 -4 ------------ Run | Yrd Mat Min Mat Sto Gar Rec Fac Gar Fac Gar Fac Gar Fac Gar Fac Used RIF Installer 5 | . . . . . 1 . . 1 . 2 . 1 . . . Code Merge 1 | . . . . . . . . . . . . 1 . . . Command Fork 1 | . . . . . . . . . . 1 . . . . . Zone Cloak 1 | . . . . . . . . 1 . . . . . . . Autooverride 1 | . . . . . . . . . . 1 . . . . . Robots Hacked 82 | . . . . . 3 2 9 2 4 14 3 23 2 8 12 Non-combat 4 | . . . . . . . 2 1 1 . . . . . . Combat 78 | . . . . . 3 2 7 1 3 14 3 23 2 8 12 Autooverrided 9 | . . . . . . . . . . 2 . 4 . 2 1 Robot Hacks Applied 80 | . . . . . 3 3 11 2 5 12 4 19 3 6 12 parse_system 3 | . . . . . . 1 . . . . 2 . . . . find_chute 2 | . . . . . . . 1 . 1 . . . . . . find_garrison 6 | . . . . . . . 2 . 1 . 1 . 1 . 1 spike_heat 2 | . . . . . . 2 . . . . . . . . . disable_weapons 2 | . . . . . . . 1 . . 1 . . . . . reboot_system 3 | . . . . . . . . . . . . . . 1 2 overwrite_iff 5 | . . . . . . . 2 . . 1 . 1 . . 1 streamctrl_high 2 | . . . . . . . . . . 1 . . . . 1 formatsys_high 55 | . . . . . 3 . 5 2 3 9 1 18 2 5 7 Relay Couplers Released 95 | . . . . . 14 . 3 19 . 16 . 36 . 7 . Machine Destruction 95 | . . . . . 14 . 3 19 . 16 . 36 . 7 . Attached 45 | . . . . . 2 1 3 5 2 7 1 12 . 2 10 Merged Code Value 184 | . . . . . . . . . . . . 162 . 22 . Fabnet Peak Effective % . | . . . . . . . . . . . . . . . . Robots Rewired 22 | . . . . . . 17 . . . . . 5 . . . Allies Hacked 3 | . . . . . . 1 . . . . . 2 . . . Hacks Repelled . | . . . . . . . . . . . . . . . . Allies | -11 -10 -10 -9 -9 -9 -9 -7 -7 -6 -6 -6 -6 -5 -5 -4 -------- Run | Yrd Mat Min Mat Sto Gar Rec Fac Gar Fac Gar Fac Gar Fac Gar Fac Total Allies 112 | . . . . . 3 17 7 6 3 18 2 35 2 9 10 Largest Group 16 | . . . . . 3 11 11 3 5 9 6 16 9 12 4 Highest-Rated Group 594 | . . . . . 24 254 254 189 138 466 400 594 298 385 199 Highest-Rated Ally 95 | . . . . . 8 34 40 95 39 95 95 95 41 41 58 Total Orders 23 | . . . . . 6 4 2 1 . 6 . 4 . . . STAY 9 | . . . . . 4 . . . . 3 . 2 . . . FOLLOW 7 | . . . . . 2 . . . . 3 . 2 . . . AID 7 | . . . . . . 4 2 1 . . . . . . . Ally Attacks 562 | . . . . . 2 12 34 55 3 109 20 170 8 92 57 Total Damage 15473 | . . . . . 22 203 1853 1794 13 2814 782 3878 162 1932 2020 Kills 136 | . . . . . . 4 17 20 . 21 6 29 2 25 12 Allies Corrupted 5 | . . . . . . . . . . 1 1 1 . 1 1 Allies Melted . | . . . . . . . . . . . . . . . . Intel | -11 -10 -10 -9 -9 -9 -9 -7 -7 -6 -6 -6 -6 -5 -5 -4 ------- Run | Yrd Mat Min Mat Sto Gar Rec Fac Gar Fac Gar Fac Gar Fac Gar Fac Active Infowar (turns) 3977 | . 408 82 . . . . 185 . 165 1497 348 432 274 10 576 Optics 492 | . 408 82 . . . . . . . 2 . . . . . Sensors 3282 | . . . . . . . 185 . 165 1495 348 432 274 10 373 ECM 203 | . . . . . . . . . . . . . . . 203 Robot Analysis Total 8 | . 3 . 1 . . 3 . . . . . . 1 . . Derelict Logs Recovered . | . . . . . . . . . . . . . . . . Drone Launches . | . . . . . . . . . . . . . . . . Drone Recoveries . | . . . . . . . . . . . . . . . . Exploration | -11 -10 -10 -9 -9 -9 -9 -7 -7 -6 -6 -6 -6 -5 -5 -4 ------------- Run | Yrd Mat Min Mat Sto Gar Rec Fac Gar Fac Gar Fac Gar Fac Gar Fac Turns Passed 24107 | 65 617 381 278 425 2934 1337 2469 2777 385 3587 348 5154 304 1110 1936 Spaces Moved 10741 | 49 373 251 312 237 1378 651 1113 1371 195 1286 140 1945 149 541 750 Core 137 | 5 . 1 . . 7 . 4 . . . . . . . 120 Treads 5202 | . . . . . . . . 574 195 1286 140 1945 149 541 372 Legs 3875 | 44 373 250 4 . 680 651 872 797 . . . . . . 204 Wheels 34 | . . . . . . . 34 . . . . . . . . Hover 1374 | . . . 308 237 691 . 138 . . . . . . . . Flight 119 | . . . . . . . 65 . . . . . . . 54 Fastest Speed 40 | 50 120 120 56 56 116 190 108 108 160 160 240 240 155 155 40 Average Speed 184 | 112 120 120 57 115 169 190 174 163 173 233 240 240 155 158 178 Slowest Speed 2950 | 120 120 150 130 176 500 190 515 240 240 240 240 250 155 235 2950 Overloaded Moves 138 | . . . . . . . 138 . . . . . . . . Propulsion Burnouts . | . . . . . . . . . . . . . . . . Robots Hopped 1 | . . . . . . . . . . . . . . . 1 Potential Cave-ins . | . . . . . . . . . . . . . . . . Cave-ins Triggered . | . . . . . . . . . . . . . . . . Exploration Rate (%) 43 | 3 62 43 23 22 74 86 29 92 7 96 6 96 4 44 9 Regions Visited 15 Branch Regions 3 Pre-discovered Areas . | . . . . . . . . . . . . . . . . Known Exits Taken 7 | . . 1 1 1 . . 1 . 1 . 1 . 1 . . Unknown Exits Taken 3 | 1 1 . . . . 1 . . . . . . . . . Scrap Searched . | . . . . . . . . . . . . . . . . Spaces Dug 43 | . . . . . . . 2 3 . 16 . . . 16 6 Terrain Destroyed 262 | . . . . . 2 . 46 46 . 123 . 7 . 30 8 Melee 37 | . . . . . . . 2 . . 16 . . . 15 4 Projectile 39 | . . . . . . . 5 7 . 1 . 7 . 15 4 AOE 185 | . . . . . 2 . 39 38 . 106 . . . . . Terrain Rammed . | . . . . . . . . . . . . . . . . Walls Destroyed . | . . . . . . . . . . . . . . . . Machines Disabled . | . . . . . . . . . . . . . . . . Actions | -11 -10 -10 -9 -9 -9 -9 -7 -7 -6 -6 -6 -6 -5 -5 -4 --------- Run | Yrd Mat Min Mat Sto Gar Rec Fac Gar Fac Gar Fac Gar Fac Gar Fac Total 13848 | 55 469 306 372 308 1751 744 1478 1763 240 1730 150 2388 217 698 1179 Wait 1278 | . 50 39 25 4 90 47 154 156 15 254 3 138 55 63 185 Move 10728 | 48 372 250 311 237 1376 650 1113 1370 195 1285 140 1944 149 540 748 Hop 1 | . . . . . . . . . . . . . . . 1 Pick Up 167 | . 6 . 7 5 18 . 26 34 1 23 . 30 . 4 13 Fast Attach 111 | 6 1 . 5 5 17 1 14 8 1 2 . 14 2 . 35 Attach 117 | . . 3 . 3 8 1 10 8 8 14 1 18 2 6 35 Detach 68 | . . 1 . 5 2 . 3 5 8 11 1 17 . 4 11 Swap 101 | 1 1 . 1 5 6 . 23 14 3 16 . 12 . 4 15 Drop 131 | . 1 . 4 4 17 1 21 29 2 13 . 31 2 . 6 Fire 816 | . 38 13 19 40 127 5 100 122 6 61 5 126 6 46 102 Melee 149 | . . . . . 5 32 8 2 1 41 . . 1 31 28 Ram . | . . . . . . . . . . . . . . . . Kick . | . . . . . . . . . . . . . . . . Crush . | . . . . . . . . . . . . . . . . Escape Stasis 125 | . . . . . 83 . 5 11 . 10 . 16 . . . Rewire 56 | . . . . . 2 7 1 4 . . . 42 . . . Trap . | . . . . . . . . . . . . . . . . Miscellaneous . | . . . . . . . . . . . . . . . . Route ------- -11/Scrapyard -10/Materials (discovered 3 exits: *Mat x2 / [*Min]) -10/Mines (discovered 2 exits: *Mat / *Sub) -9/Materials (discovered 3 exits: [*Mat] / Min / *Sto) -9/Storage -9/Garrison (discovered 3 exits: *Rec x3) -9/Recycling -7/Factory (discovered 2 exits: [*Low] / Gar) -7/Garrison (discovered 3 exits: *Fac x3) -6/Factory (discovered 2 exits: *Fac / Gar) -6/Garrison (discovered 3 exits: *Fac x3) -6/Factory -6/Garrison (discovered 4 exits: *Fac x3 / [*Fac]) -5/Factory (discovered 2 exits: *Upp / Gar) -5/Garrison (discovered 2 exits: *Fac / *Fac) -4/Factory History --------- Turn | Location | Event 3 | -11/Scrapyard | Discovered new exit (range 16) 66 | -11/Scrapyard | Entered Materials 236 | -10/Materials | Discovered new exit (range 10) 315 | -10/Materials | Build established: Mutant 357 | -10/Materials | Discovered new exit (range 17) 606 | -10/Materials | Discovered new exit (range 3) 666 | -10/Materials | Derelicts attacked the area 683 | -10/Materials | Entered Mines 706 | -10/Mines | Core integrity fell below 50% 740 | -10/Mines | Lost 4 parts (1p2n1w) 743 | -10/Mines | Discovered new exit (range 10) 767 | -10/Mines | Identified exit to Materials 776 | -10/Mines | Discovered new exit (range 5) 789 | -10/Mines | Identified exit to Subcaves 962 | -10/Mines | Assembled infested the area 1064 | -10/Mines | Entered Materials 1064 | -9/Materials | Evolved 2 slots: Utility x2 1091 | -9/Materials | Central database locked down 1164 | -9/Materials | Identified exit to Mines 1164 | -9/Materials | Identified exit to Storage 1312 | -9/Materials | Discovered new exit (range 5) 1342 | -9/Materials | Entered Storage 1479 | -9/Storage | Garrison activated, responded to threat 1639 | -9/Storage | Destroyed 7 combat bots 1767 | -9/Storage | Identified exit to Garrison 1767 | -9/Storage | Entered Garrison 1953 | -9/Garrison | Triggered checkpoint 1996 | -9/Garrison | Garrison Relay disabled 2413 | -9/Garrison | Triggered checkpoint 2564 | -9/Garrison | Build established: Scavenger-Mutant 2675 | -9/Garrison | Triggered checkpoint 2680 | -9/Garrison | Garrison Relay disabled 2742 | -9/Garrison | Discovered new exit (range 11) 2847 | -9/Garrison | Triggered checkpoint 3076 | -9/Garrison | Triggered checkpoint 3394 | -9/Garrison | Lost 3 parts (1p1u1w) 3511 | -9/Garrison | Installed Relay Interface Framework 3618 | -9/Garrison | Discovered new exit (range 11) 3733 | -9/Garrison | Triggered checkpoint 3787 | -9/Garrison | Build established: Bothacker-Mutant 3809 | -9/Garrison | Garrison Relay disabled 3846 | -9/Garrison | Discovered new exit (range 42) 3846 | -9/Garrison | Discovered new exit (range 30) 3846 | -9/Garrison | Discovered new exit (range 80) 3865 | -9/Garrison | Garrison Relay disabled 4701 | -9/Garrison | Entered Recycling 5323 | -9/Recycling | Lost 5 allies 5987 | -9/Recycling | Discovered new exit (range 15) 6038 | -9/Recycling | Entered Factory 6038 | -7/Factory | Accompanied by 11 allies 6038 | -7/Factory | Evolved 4 slots: Propulsion x1, Utility x3 6119 | -7/Factory | Lost 6 allies 6198 | -7/Factory | Discovered new exit (range 9) 6468 | -7/Factory | Lost 4 allies 6503 | -7/Factory | Lost 4 parts (1p1n1u1w) 7445 | -7/Factory | Lost 3 parts (1p1n1u) 7815 | -7/Factory | Core integrity fell below 50% 8507 | -7/Factory | Identified exit to Garrison 8507 | -7/Factory | Entered Garrison 8598 | -7/Garrison | Triggered checkpoint 8617 | -7/Garrison | Garrison Relay disabled 8734 | -7/Garrison | Triggered checkpoint 8744 | -7/Garrison | Triggered checkpoint 8881 | -7/Garrison | Discovered new exit (range 9) 8890 | -7/Garrison | Found embedded Infiltrators 8919 | -7/Garrison | Triggered checkpoint 8937 | -7/Garrison | Garrison Relay disabled 9039 | -7/Garrison | Triggered checkpoint 9155 | -7/Garrison | Triggered checkpoint 9172 | -7/Garrison | Garrison Relay disabled 9248 | -7/Garrison | Discovered new exit (range 9) 10047 | -7/Garrison | Triggered checkpoint 10121 | -7/Garrison | Discovered new exit (range 13) 10206 | -7/Garrison | Expanded RIF knowledge: Zone Cloak 10265 | -7/Garrison | Rescued a captive Derelict 10266 | -7/Garrison | Rescued a captive Derelict 10419 | -7/Garrison | Triggered checkpoint 10450 | -7/Garrison | Identified exit to Factory 10520 | -7/Garrison | Garrison Relay disabled 10931 | -7/Garrison | P-60 Hacker assimilated allied AM-L7W(x) 11284 | -7/Garrison | Entered Factory 11284 | -6/Factory | Accompanied by 2 allies 11284 | -6/Factory | Evolved 2 slots: Propulsion x1, Utility x1 11464 | -6/Factory | Discovered new exit (range 5) 11473 | -6/Factory | Identified exit to Factory 11669 | -6/Factory | Identified exit to Garrison 11669 | -6/Factory | Entered Garrison 11669 | -6/Garrison | Accompanied by 5 allies 11693 | -6/Garrison | Triggered checkpoint 11757 | -6/Garrison | Garrison Relay disabled 11975 | -6/Garrison | Rescued a captive Derelict 11976 | -6/Garrison | Rescued a captive Derelict 12042 | -6/Garrison | Expanded RIF knowledge: Autooverride 12179 | -6/Garrison | Triggered checkpoint 12244 | -6/Garrison | Lost 6 allies 12255 | -6/Garrison | Triggered checkpoint 12307 | -6/Garrison | Heavy support dispatched to Factory 12422 | -6/Garrison | Expanded RIF knowledge: Command Fork 12515 | -6/Garrison | Triggered checkpoint 12536 | -6/Garrison | Garrison Relay disabled 12598 | -6/Garrison | Discovered new exit (range 14) 12647 | -6/Garrison | Identified exit to Factory 12730 | -6/Garrison | Build established: Botlord-Mutant 12914 | -6/Garrison | Phase Generator disabled 13645 | -6/Garrison | Triggered checkpoint 13815 | -6/Garrison | Garrison Relay disabled 13883 | -6/Garrison | Discovered exit to Factory (range 14) 13916 | -6/Garrison | Found embedded Infiltrators 13982 | -6/Garrison | Heavy support dispatched to Factory 14187 | -6/Garrison | Triggered checkpoint 14317 | -6/Garrison | H-XX Assembler disabled 14516 | -6/Garrison | Found Prototype Device 14517 | -6/Garrison | Identified Active Sensor Suite 14939 | -6/Garrison | Discovered exit to Factory (range 13) 14993 | -6/Garrison | Triggered checkpoint 15045 | -6/Garrison | Lost 3 allies 15067 | -6/Garrison | Garrison Relay disabled 15256 | -6/Garrison | Entered Factory 15256 | -6/Factory | Accompanied by 4 allies 15602 | -6/Factory | Identified exit to Garrison 15604 | -6/Factory | Entered Garrison 15604 | -6/Garrison | Accompanied by 4 allies 15650 | -6/Garrison | Triggered checkpoint 15666 | -6/Garrison | Garrison Relay disabled 15876 | -6/Garrison | Triggered checkpoint 15901 | -6/Garrison | Discovered new exit (range 6) 15915 | -6/Garrison | Triggered checkpoint 15941 | -6/Garrison | Lost 3 allies 16094 | -6/Garrison | Lost 3 allies 16130 | -6/Garrison | Triggered checkpoint 16225 | -6/Garrison | Discovered exit to Factory (range 9) 16292 | -6/Garrison | Triggered checkpoint 16360 | -6/Garrison | Garrison Relay disabled 16651 | -6/Garrison | Discovered exit to Factory (range 12) 16660 | -6/Garrison | Triggered checkpoint 16720 | -6/Garrison | Garrison Relay disabled 16848 | -6/Garrison | Triggered checkpoint 16911 | -6/Garrison | Lost 5 allies 16939 | -6/Garrison | Expanded RIF knowledge: Code Merge 16978 | -6/Garrison | Triggered checkpoint 17036 | -6/Garrison | Garrison Relay disabled 17286 | -6/Garrison | Triggered checkpoint 17405 | -6/Garrison | Garrison Relay disabled 17412 | -6/Garrison | Garrison Relay disabled 17426 | -6/Garrison | Garrison Relay disabled 17449 | -6/Garrison | Garrison Relay disabled 18244 | -6/Garrison | Discovered exit to Factory (range 12) 18272 | -6/Garrison | Discovered exit to Factory (range 50) 18272 | -6/Garrison | Discovered exit to Factory (range 23) 18272 | -6/Garrison | Discovered exit to Factory (range 30) 18272 | -6/Garrison | Discovered new exit (range 55) 18282 | -6/Garrison | Triggered checkpoint 18335 | -6/Garrison | Garrison Relay disabled 20758 | -6/Garrison | Entered Factory 20758 | -5/Factory | Accompanied by 7 allies 20758 | -5/Factory | Evolved 2 slots: Propulsion x1, Utility x1 20778 | -5/Factory | Discovered new exit (range 13) 20801 | -5/Factory | Identified exit to Upper Caves 21058 | -5/Factory | First assault squad dispatched 21062 | -5/Factory | Identified exit to Garrison 21062 | -5/Factory | Entered Garrison 21062 | -5/Garrison | Accompanied by 8 allies 21134 | -5/Garrison | Triggered checkpoint 21202 | -5/Garrison | Triggered checkpoint 21245 | -5/Garrison | Garrison Relay disabled 21334 | -5/Garrison | Triggered checkpoint 21489 | -5/Garrison | Discovered new exit (range 10) 21501 | -5/Garrison | Identified exit to Factory 21530 | -5/Garrison | Triggered checkpoint 21555 | -5/Garrison | Discovered new exit (range 6) 21561 | -5/Garrison | Identified exit to Factory 21632 | -5/Garrison | Triggered checkpoint 21656 | -5/Garrison | Garrison Relay disabled 21721 | -5/Garrison | Assembled breached garrison interior 21801 | -5/Garrison | Lost 3 allies 22085 | -5/Garrison | Lost 8 allies 22127 | -5/Garrison | System corruption reached 10% 22172 | -5/Garrison | Entered Factory 22172 | -4/Factory | Evolved 2 slots: Power x1, Utility x1 22192 | -4/Factory | Lost 7 parts (2n5u) 22422 | -4/Factory | First assault squad dispatched 22453 | -4/Factory | Repaired Biometal Medium Treads 22691 | -4/Factory | Lost 3 allies 22915 | -4/Factory | Found Prototype Device 22915 | -4/Factory | Identified Exp. ECM Suite 23025 | -4/Factory | Found Quantum Capacitor 23151 | -4/Factory | System corruption reached 10% 23265 | -4/Factory | Lost 13 parts (2p3n4u4w) 23270 | -4/Factory | Destroyed 8 combat bots 23671 | -4/Factory | Core integrity fell below 50% 23726 | -4/Factory | Lost 8 parts (2p3n1u2w) 23903 | -4/Factory | Lost 14 parts (1p5n5u3w) 23978 | -4/Factory | Core integrity fell below 20% 24008 | -4/Factory | Lost 6 parts (1p2n2u1w) 24108 | -4/Factory | Destroyed by P-70 Sage with Tesla Rifle Last Messages --------------- 24017_ Matter Pump disabled. 24021_ Power Sword destroyed. 24022_ Dropped Remote Datajack. 24025_ Acquired 43 matter. 24026_ Acquired Unknown Energy Gun. 24026_ Identified Tesla Rifle. 24031_ P-70 Sage resets M-36 Artificer, system corruption cleaned. 24032_ Dropped Tesla Rifle. 24033_ ZYOJZ4|JTV#IB2H9>CPTS820R1M|JVY 24036_ Acquired 2 matter. 24036_ Acquired 4 matter. 24037_ Acquired 2 matter. 24048_ P-70 Sage resets P-70 Sage, system corruption cleaned. 24064_ K-01 Serf collects debris. 24078_ System corrupted: Heat flow error (+209). 24085_ Acquired Field Propulsion Array. 24087_ Acquired 10 matter. 24097_ System corrupted: Component data lost. Map ----- +----------------------------------------------------+ | ???????????????????????# | | | ???????????????????????# ! ! | | ???????????????????????# """ "" | | ???????????????????????# """ "" | | ???????????????????????# """ | | ???????????????????????### ######### "F | | ?????????????????????????# #???????# """ "" | | ??????????????????########+#+###?????# """ | | ??????????????????# #?????# """ | | ??????????????????# #?????# | | ??????????????????# #?????# | | ??????????????????# #?????# | | ??????????????????# """ """ #?????# #### | | ??????????????????# """ """ #?????# #??? | | ??????????????????# """ """ #?????# #??? | | ??????????????????# #?????# #??? | | ??????????????????# """ """ #?????# #??? | | ??????????????????# """ """ #?????# #??? | | ??????????????????# """ """ #?????# #??? | | ??????????????????# #?????# #??? | | ????????????????#########+############ #### | | ????????????????# p | | ????????????????# | | ???????????????## | | ???????????????# | | ???????????????#T @ | | ##########?????## ##########+######+####### | | # ######## #??# # | | # # k #??# """# """" | | # # u #??# Y"#= """ ""R"" | | # # #??# """# """ "" "" | | # + #??# # """ | | # # #??# """ # | | # # ###+####### """ # """ """ | | # # # ## """ # """ """ | | # ####### ## #! """ """ | | ##########?????# ## """ # | | ???????????????# ## ??? #?? | | ???????????????# ## ??????? ?? | | ???????????????# ## ?????????###????? | | ???????????????# ## ?????????????????? | | ???????????????# ## ?????????????????? | | ???????????????# #? ?????????????????? | | ???????????????##########??? ?????????????????? | | ??????????????????????????????????????????????? | | ??????????????????????????????????????????????? | | ??????????????????????????????????????????????? | | ??????????????????????????????????????????????? | | ??????????????????????????????????????????????? | | ??????????????????????????????????????????????? | +----------------------------------------------------+ Best States ------------- Heat Dissipation 62 Energy Generation 45 Energy Capacity 430 Matter Stores 300 Matter Capacity 300 Sight Range 18 Robot Scan Range 15 Terrain Scan Density 10 ECM Strength 3 Corruption Block 12 Armor Coverage 225 Resistance: KI 30 Resistance: EX 25 Core Shielding 30 Weapon Cycling 25 Evasion (%) 63 Targeting Accuracy 12 Target Analysis 6 Core Analysis 6 Recoil Reduction 5 Defensive Hacking 20 Relay Coupler Types 5 Relay Coupler Value 280 Item Schematics ----------------- Imp. Cooling System | -9/Recycling | Hacked Robot Schematics ------------------ B-36 Bruiser | -9/Recycling | Hacked I-25 Savior | -9/Recycling | Hacked Fabricated ------------ Nothing Repaired ---------- Biometal Medium Treads | 5% | -4/Factory Studied --------- Imp. Carbon-fiber Leg | -7/Factory | Hacked Imp. Titanium Leg | -7/Factory | Hacked Alien Tech Used ----------------- None Achievements -------------- My Bad Packrat Tank Challenges ------------ None Game ------ Seed JunkPersonalSteel Manual? 0 Play Time 03:05:48 Cumulative 119.6 hours Start 2026.09.15 @ 03:40:19 End 2026.09.15 @ 07:35:11 Sessions 5 Manual Loads 0 Difficulty Rogue Special Mode None Game No. 137 Rogue 137 Adventurer 0 Explorer 0 Win Type - Total 0 Types 0/0/0/0/0/0/0/0/0/0 Lore% 46 Gallery% 53 Achievement% 43 Wizard Run 0 Options --------- Layout 1 ASCII 0 Keyboard 0 Movement Mouse Keybinds 0 Fullscreen 2 Font 24/Smallcaps Map View 50x35 Zoom Use 0% Tactical HUD 1 Map Filters NONE Filters NONE Steam 1 RUN: 5c08d28e-a792-458a-b9e8-0adf60515ce5